Sénateurs vs Bruins
Created - 29 décembre 2013 at 22:32
Goals
|
| Sénateurs |
1 |
0 |
3 |
4 |
| Bruins |
0 |
1 |
1 |
2 |
|
Shots
|
| Sénateurs |
11 |
6 |
20 |
37 |
| Bruins |
16 |
7 |
16 |
39 |
|
1st period
1. Sénateurs , Andy McDonald 8 (Vernon Fiddler, Todd Bertuzzi) at 19:13
Penalties :
No Penalty
2nd period
2. Bruins , Scott Hartnell 10 (Jeff Carter, Tom Gilbert) at 8:16
Penalties :
Dave Bolland (Bos) for Hooking (Minor) at 1:57
3rd period
3. Bruins , Victor Oreskovich 3 (Matt Cooke, Scott Hartnell) at 10:48
4. Sénateurs , Sean Avery 6 (Paul Gaustad, Nikita Alexeev) at 13:54
5. Sénateurs , Andy McDonald 9 (Chris Kelly, Sami Salo) at 18:32
6. Sénateurs , Todd Bertuzzi 10 (Daymond Langkow) at 19:16 (Empty Net)
Penalties :
Richard Lintner (Bos) for Holding Stick (Minor) at 0:23, Sami Kapanen (Ott) for Tripping (Minor) at 0:23, Ray Whitney (Ott) for Roughing (Minor) at 7:40, Eric Lindros (Bos) for Holding (Minor) at 17:37, Paul Gaustad (Ott) for Tripping (Minor) at 17:37
Goalie Stats
Jonas Hiller (Ott), 37 saves from 39 shots - (0,949), W, 14-10-2, 60:00 minutes
Evgeni Nabokov (Bos), 33 saves from 36 shots - (0,917), L, 22-7-0, 59:48 minutes
Players Stats for Sénateurs
Player Name G A P +/- PIM S H SB GA TA FO MP PP MP PK MP
------------------------------------------------------------------------------------
Andy McDonald 2 0 2 2 0 7 2 0 0 0 4/5 19:21 1:03 0:30
Chris Kelly 0 1 1 0 0 2 2 0 1 1 7/15 18:34 0:52 0:30
Dan Girardi 0 0 0 1 0 0 0 0 0 1 0/0 12:37 0:00 0:00
Dan Hinote 0 0 0 0 0 0 0 0 0 0 0/0 6:28 0:00 0:00
Daymond Langkow 0 1 1 2 0 4 0 0 1 1 9/20 21:39 1:00 1:29
Jay McKee 0 0 0 0 0 4 0 0 0 1 0/0 19:26 0:44 0:22
Keith Ballard 0 0 0 1 0 0 0 0 0 0 0/0 3:31 0:00 0:00
Nikita Alexeev 0 1 1 0 0 4 0 0 0 1 0/0 12:49 0:00 0:00
Paul Gaustad 0 1 1 0 2 0 1 0 0 0 3/5 14:19 0:11 0:00
Ray Whitney 0 0 0 -1 2 2 1 0 0 1 0/0 17:18 0:52 0:00
Richard Jackman 0 0 0 0 0 1 1 3 1 0 0/0 24:37 1:15 1:37
Sami Kapanen 0 0 0 -1 2 1 1 0 1 0 0/0 17:33 0:52 0:00
Sami Salo 0 1 1 0 0 2 1 0 2 0 0/0 19:26 0:44 0:22
Sean Avery 1 0 1 0 0 3 1 0 0 1 0/0 14:24 0:07 0:00
Todd Bertuzzi 1 1 2 2 0 4 1 2 0 1 9/14 25:14 1:00 1:29
Toni Lydman 0 0 0 1 0 1 0 0 0 0 0/0 12:38 0:00 0:00
Vernon Fiddler 0 1 1 0 0 0 0 0 0 0 0/1 6:21 0:00 0:00
Vitaly Vishnevsky 0 0 0 1 0 2 0 2 0 1 0/0 27:45 1:15 1:37
Players Stats for Bruins
Player Name G A P +/- PIM S H SB GA TA FO MP PP MP PK MP
------------------------------------------------------------------------------------
Andrew Alberts 0 0 0 -3 0 8 4 3 0 0 0/0 27:57 1:15 1:11
Christoph Schubert 0 0 0 0 0 1 2 1 0 1 0/0 22:32 1:15 0:00
Daniel Briere 0 0 0 0 0 1 0 1 1 1 1/1 18:53 1:10 0:36
Dave Bolland 0 0 0 -1 2 1 0 0 0 0 2/4 9:26 0:00 0:00
Eric Lindros 0 0 0 0 2 3 2 1 1 1 13/29 19:12 1:10 0:57
Éric Perrin 0 0 0 0 0 5 3 1 1 0 4/9 11:59 0:00 0:37
Jeff Carter 0 1 1 1 0 2 2 1 2 0 4/8 16:17 0:49 0:00
Mark Stuart 0 0 0 -1 0 0 0 2 0 0 0/0 20:12 0:44 0:48
Martin Erat 0 0 0 -1 0 0 1 1 0 0 0/0 10:30 0:00 0:00
Matt Cooke 0 1 1 0 0 2 2 0 0 0 0/0 11:27 0:00 0:08
Michal Grosek 0 0 0 -1 0 3 1 0 1 0 0/0 9:24 0:00 0:00
Richard Lintner 0 0 0 0 2 0 4 1 0 1 0/0 18:44 0:44 0:48
Ryan O'Byrne 0 0 0 -1 0 1 0 2 0 0 0/0 14:54 0:00 1:11
Scott Hartnell 1 1 2 1 0 2 1 2 1 0 0/0 16:24 0:49 0:36
Tom Gilbert 0 1 1 1 0 0 1 0 0 1 0/0 14:40 0:00 0:00
Victor Oreskovich 1 0 1 -2 0 3 2 1 1 0 3/7 14:00 0:00 0:00
Vitali Yachmenev 0 0 0 1 0 2 1 0 0 1 0/0 15:27 0:49 0:00
Wojtek Wolski 0 0 0 -2 0 5 4 1 1 0 1/2 22:02 1:10 1:04
3 Stars
1 - Andy McDonald (Ott)
2 - Todd Bertuzzi (Ott)
3 - Scott Hartnell (Bos)
Power Play
Sénateurs - 0 on 1 Attempt(s) - 0,00%
Bruins - 0 on 1 Attempt(s) - 0,00%
Penalty Kill
Sénateurs - 1 on 1 Attempt(s) - 100,00%
- Score 0 goal in Penalty Kill
Bruins - 1 on 1 Attempt(s) - 100,00%
- Score 0 goal in Penalty Kill
Official
Referees : Sutherland Kelly and Walsh Ian
Linesman : Shane Heyer and Pierre Champoux
Game Notes
Ryan O'Byrne is injured at 13:37 of 2nd period (Bruised Right Leg)
Todd Bertuzzi has scored in a empty net!
Finance
Level 1 -- Attendance: 4073 (67,88%) -- Ticket Income 403 227 $
Level 2 -- Attendance: 3272 (65,44%) -- Ticket Income 193 048 $
Level 3 -- Attendance: 1852 (92,60%) -- Ticket Income 53 708 $
Level 4 -- Attendance: 3840 (96,00%) -- Ticket Income 72 960 $
Luxury Box -- Attendance: 729 (72,90%) -- Ticket Income 137 781 $
Game was played at the TD Banknorth Garden
Total Attendance: 13766 (76,48%)
Total Ticket Income: 860 724 $
Other Income: 129 109 $
Total Income: 989 833 $
Sénateurs
5 vs 5 Forward
Center Left Wing Right Wing Time % Phy DF OF
1 Daymond Langkow Andy McDonald Todd Bertuzzi 40 1 2 2
2 Chris Kelly Ray Whitney Sami Kapanen 30 1 2 2
3 Paul Gaustad Sean Avery Nikita Alexeev 20 1 2 2
4 Vernon Fiddler Todd Bertuzzi Dan Hinote 10 1 2 2
5 vs 5 Defense
Defense Defense Time % Phy DF OF
1 Vitaly Vishnevsky Richard Jackman 40 1 2 2
2 Jay McKee Sami Salo 30 1 2 2
3 Toni Lydman Dan Girardi 20 1 2 2
4 Keith Ballard Vitaly Vishnevsky 10 1 2 2
PowerPlay Forward
Center Left Wing Right Wing Time % Phy DF OF
1 Daymond Langkow Andy McDonald Todd Bertuzzi 60 1 2 2
2 Chris Kelly Ray Whitney Sami Kapanen 40 1 2 2
PowerPlay Defense
Defense Defense Time % Phy DF OF
1 Vitaly Vishnevsky Richard Jackman 60 1 2 2
2 Jay McKee Sami Salo 40 1 2 2
Penalty Kill 4 Players Forward
Center Wing Time % Phy DF OF
1 Todd Bertuzzi Daymond Langkow 60 1 2 2
2 Andy McDonald Chris Kelly 40 1 2 2
Penalty Kill 4 Players Defense
Defense Defense Time % Phy DF OF
1 Vitaly Vishnevsky Richard Jackman 60 1 2 2
2 Jay McKee Sami Salo 40 1 2 2
Penalty Kill - 3 Players Forward
Forward Time % Phy DF OF
1 Todd Bertuzzi 60 1 2 2
2 Daymond Langkow 40 1 2 2
Penalty Kill - 3 Players Defense
Defense Defense Time % Phy DF OF
1 Vitaly Vishnevsky Richard Jackman 60 1 2 2
2 Jay McKee Sami Salo 40 1 2 2
4 vs 4 Forward
Center Wing Time % Phy DF OF
1 Todd Bertuzzi Daymond Langkow 60 1 2 2
2 Andy McDonald Chris Kelly 40 1 2 2
4 vs 4 Defense
Defense Defense Time % Phy DF OF
1 Vitaly Vishnevsky Richard Jackman 60 1 2 2
2 Jay McKee Sami Salo 40 1 2 2
Last Minutes Offensive
Center Left Wing Right Wing Defense Defense
Daymond Langkow Andy McDonald Todd Bertuzzi Vitaly Vishnevsky Richard Jackman
Last Minutes Defensive
Center Left Wing Right Wing Defense Defense
Daymond Langkow Andy McDonald Todd Bertuzzi Vitaly Vishnevsky Richard Jackman
Goaltenders
Starting : Jonas Hiller
Backup : Maxime Ouellet
Extra Forwards
Normal : Paul Gaustad, Sean Avery, Vernon Fiddler - PP : Paul Gaustad, Sean Avery - PK : Vernon Fiddler
Extra Defensemen
Normal : Toni Lydman, Dan Girardi, Keith Ballard - PP : Toni Lydman - PK : Dan Girardi, Keith Ballard
Penalty Shots
Todd Bertuzzi, Daymond Langkow, Andy McDonald, Chris Kelly, Paul Gaustad
Bruins
5 vs 5 Forward
Center Left Wing Right Wing Time % Phy DF OF
1 Eric Lindros Wojtek Wolski Daniel Briere 40 1 2 2
2 Jeff Carter Scott Hartnell Vitali Yachmenev 30 1 2 2
3 Éric Perrin Matt Cooke Victor Oreskovich 20 1 2 2
4 Dave Bolland Michal Grosek Martin Erat 10 1 2 2
5 vs 5 Defense
Defense Defense Time % Phy DF OF
1 Andrew Alberts Ryan O'Byrne 40 1 2 2
2 Mark Stuart Richard Lintner 30 1 2 2
3 Christoph Schubert Tom Gilbert 20 1 2 2
4 Andrew Alberts Ryan O'Byrne 10 1 2 2
PowerPlay Forward
Center Left Wing Right Wing Time % Phy DF OF
1 Eric Lindros Wojtek Wolski Daniel Briere 60 1 2 2
2 Jeff Carter Scott Hartnell Vitali Yachmenev 40 1 2 2
PowerPlay Defense
Defense Defense Time % Phy DF OF
1 Andrew Alberts Ryan O'Byrne 60 1 2 2
2 Mark Stuart Richard Lintner 40 1 2 2
Penalty Kill 4 Players Forward
Center Wing Time % Phy DF OF
1 Eric Lindros Wojtek Wolski 60 1 2 2
2 Daniel Briere Scott Hartnell 40 1 2 2
Penalty Kill 4 Players Defense
Defense Defense Time % Phy DF OF
1 Andrew Alberts Ryan O'Byrne 60 1 2 2
2 Mark Stuart Richard Lintner 40 1 2 2
Penalty Kill - 3 Players Forward
Forward Time % Phy DF OF
1 Eric Lindros 60 1 2 2
2 Wojtek Wolski 40 1 2 2
Penalty Kill - 3 Players Defense
Defense Defense Time % Phy DF OF
1 Andrew Alberts Ryan O'Byrne 60 1 2 2
2 Mark Stuart Richard Lintner 40 1 2 2
4 vs 4 Forward
Center Wing Time % Phy DF OF
1 Eric Lindros Wojtek Wolski 60 1 2 2
2 Daniel Briere Scott Hartnell 40 1 2 2
4 vs 4 Defense
Defense Defense Time % Phy DF OF
1 Andrew Alberts Ryan O'Byrne 60 1 2 2
2 Mark Stuart Richard Lintner 40 1 2 2
Last Minutes Offensive
Center Left Wing Right Wing Defense Defense
Eric Lindros Wojtek Wolski Daniel Briere Andrew Alberts Ryan O'Byrne
Last Minutes Defensive
Center Left Wing Right Wing Defense Defense
Eric Lindros Wojtek Wolski Daniel Briere Andrew Alberts Ryan O'Byrne
Goaltenders
Starting : Evgeni Nabokov
Backup : Dan Cloutier
Extra Forwards
Normal : Victor Oreskovich, Martin Erat, Jeff Carter - PP : Victor Oreskovich, Martin Erat - PK : Éric Perrin
Extra Defensemen
Normal : Christoph Schubert, Tom Gilbert, Mark Stuart - PP : Christoph Schubert - PK : Tom Gilbert, Mark Stuart
Penalty Shots
Eric Lindros, Wojtek Wolski, Daniel Briere, Jeff Carter, Scott Hartnell
% Time on Ice - Sénateurs
Lines # - Real PCT - Wanted PCT - Time Play
Normal Forward
1 - 33% - 40% - 16:57
2 - 31% - 30% - 16:09
3 - 25% - 20% - 12:49
4 - 12% - 10% - 6:09
Normal Defense
1 - 36% - 40% - 19:00
2 - 33% - 30% - 17:07
3 - 24% - 20% - 12:26
4 - 7% - 10% - 3:31
PP Forward
1 - 56% - 60% - 1:07
2 - 44% - 40% - 0:52
PP Defense
1 - 63% - 60% - 1:15
2 - 37% - 40% - 0:44
PK Forward
1 - 75% - 60% - 1:29
2 - 25% - 40% - 0:30
PK Defense
1 - 82% - 60% - 1:37
2 - 18% - 40% - 0:22
PK3 Forward
1 - 0% - 60%
2 - 0% - 40%
PK3 Defense
1 - 0% - 60%
2 - 0% - 40%
44 Forward
1 - 82% - 60% - 3:16
2 - 18% - 40% - 0:42
44 Defense
1 - 69% - 60% - 2:45
2 - 31% - 40% - 1:13
Last Minute Offensive - 0:00
Last Minute Defensive - 0:00
Total
Forward - 60:00
Defense - 60:00
|
% Time on Ice - Bruins
Lines # - Real PCT - Wanted PCT - Time Play
Normal Forward
1 - 32% - 40% - 16:43
2 - 28% - 30% - 14:38
3 - 22% - 20% - 11:19
4 - 18% - 10% - 9:24
Normal Defense
1 - 43% - 40% - 22:09
2 - 28% - 30% - 14:46
3 - 21% - 20% - 10:53
4 - 8% - 10% - 4:16
PP Forward
1 - 59% - 60% - 1:10
2 - 41% - 40% - 0:49
PP Defense
1 - 63% - 60% - 1:15
2 - 37% - 40% - 0:44
PK Forward
1 - 70% - 60% - 1:23
2 - 30% - 40% - 0:36
PK Defense
1 - 60% - 60% - 1:11
2 - 40% - 40% - 0:48
PK3 Forward
1 - 0% - 60%
2 - 0% - 40%
PK3 Defense
1 - 0% - 60%
2 - 0% - 40%
44 Forward
1 - 91% - 60% - 3:37
2 - 9% - 40% - 0:21
44 Defense
1 - 75% - 60% - 2:58
2 - 25% - 40% - 1:00
Last Minute Offensive - 0:00
Last Minute Defensive - 0:00
Total
Forward - 60:00
Defense - 60:00
|
Play by Play
1st period
0:01 of 1st period - Eric Lindros wins face-off versus Daymond Langkow in neutral zone.
1:28 of 1st period - Snap shot by Andy McDonald.
1:28 of 1st period - Deflect By Todd Bertuzzi.
1:28 of 1st period - Shot Misses the Net.
1:28 of 1st period - Puck is out of play.
1:29 of 1st period - Eric Lindros wins face-off versus Daymond Langkow in Bruins zone.
2:02 of 1st period - Wrist shot by Eric Lindros.
2:02 of 1st period - Stopped by Jonas Hiller with a rebound.
2:04 of 1st period - Snap shot by Andrew Alberts.
2:04 of 1st period - Stopped by Jonas Hiller with a rebound.
2:06 of 1st period - Slapshot by Ryan O'Byrne.
2:06 of 1st period - Shot Blocked by Todd Bertuzzi.
2:08 of 1st period - Snap shot by Andrew Alberts.
2:08 of 1st period - Shot Misses the Net.
2:16 of 1st period - Snap shot by Eric Lindros.
2:16 of 1st period - Stopped by Jonas Hiller without a rebound.
2:17 of 1st period - Jeff Carter wins face-off versus Chris Kelly in Sénateurs zone.
2:42 of 1st period - Dan Girardi is hit by Éric Perrin and loses puck.
2:47 of 1st period - Slapshot by Victor Oreskovich.
2:47 of 1st period - Shot Misses the Net.
2:49 of 1st period - Snap shot by Victor Oreskovich.
2:49 of 1st period - Deflect By Éric Perrin.
2:49 of 1st period - Stopped by Jonas Hiller with a rebound.
2:51 of 1st period - Slapshot by Ryan O'Byrne.
2:51 of 1st period - Stopped by Jonas Hiller with a rebound.
3:05 of 1st period - Slapshot by Dave Bolland.
3:05 of 1st period - Shot Misses the Net.
4:57 of 1st period - Wrist shot by Andy McDonald.
4:57 of 1st period - Stopped by Evgeni Nabokov without a rebound.
4:58 of 1st period - Eric Lindros wins face-off versus Andy McDonald in Bruins zone.
5:25 of 1st period - Richard Lintner is hit by Chris Kelly and loses puck.
6:11 of 1st period - Wrist shot by Andy McDonald.
6:11 of 1st period - Stopped by Evgeni Nabokov without a rebound.
6:12 of 1st period - Eric Lindros wins face-off versus Chris Kelly in Bruins zone.
6:27 of 1st period - Snap shot by Sami Kapanen.
6:27 of 1st period - Shot Hit the Post.
6:49 of 1st period - Richard Lintner is hit by Andy McDonald and loses puck.
7:12 of 1st period - Mark Stuart is hit by Sean Avery.
7:24 of 1st period - Slapshot by Dave Bolland.
7:24 of 1st period - Stopped by Jonas Hiller without a rebound.
7:25 of 1st period - Dave Bolland wins face-off versus Vernon Fiddler in Sénateurs zone.
7:28 of 1st period - Wrist shot by Michal Grosek.
7:28 of 1st period - Stopped by Jonas Hiller with a rebound.
7:37 of 1st period - Off-side.
7:38 of 1st period - Daymond Langkow wins face-off versus Eric Lindros in neutral zone.
7:52 of 1st period - Icing by Eric Lindros.
7:53 of 1st period - Chris Kelly wins face-off versus Eric Lindros in Bruins zone.
7:58 of 1st period - Slapshot by Sami Kapanen.
7:58 of 1st period - Shot Misses the Net.
8:00 of 1st period - Slapshot by Vitaly Vishnevsky.
8:00 of 1st period - Shot Blocked by Andrew Alberts.
8:02 of 1st period - Wrist shot by Chris Kelly.
8:02 of 1st period - Shot Blocked by Eric Lindros.
8:47 of 1st period - Todd Bertuzzi is hit by Éric Perrin and loses puck.
10:32 of 1st period - Off-side.
10:33 of 1st period - Eric Lindros wins face-off versus Daymond Langkow in neutral zone.
10:52 of 1st period - Snap shot by Nikita Alexeev.
10:52 of 1st period - Stopped by Evgeni Nabokov without a rebound.
10:53 of 1st period - Paul Gaustad wins face-off versus Jeff Carter in Bruins zone.
10:54 of 1st period - Snap shot by Sean Avery.
10:54 of 1st period - Stopped by Evgeni Nabokov with a rebound.
11:06 of 1st period - Wrist shot by Vitali Yachmenev.
11:06 of 1st period - Stopped by Jonas Hiller without a rebound.
11:07 of 1st period - Eric Lindros wins face-off versus Daymond Langkow in Sénateurs zone.
11:08 of 1st period - Wrist shot by Wojtek Wolski.
11:08 of 1st period - Stopped by Jonas Hiller without a rebound.
11:09 of 1st period - Eric Lindros wins face-off versus Todd Bertuzzi in Sénateurs zone.
11:20 of 1st period - Wrist shot by Andy McDonald.
11:20 of 1st period - Stopped by Evgeni Nabokov with a rebound.
11:22 of 1st period - Wrist shot by Daymond Langkow.
11:22 of 1st period - Stopped by Evgeni Nabokov with a rebound.
11:24 of 1st period - Slapshot by Jay McKee.
11:24 of 1st period - Stopped by Evgeni Nabokov with a rebound.
11:34 of 1st period - Jay McKee is hit by Andrew Alberts and loses puck.
11:55 of 1st period - Wrist shot by Nikita Alexeev.
11:55 of 1st period - Shot Blocked by Ryan O'Byrne.
12:03 of 1st period - Wrist shot by Matt Cooke.
12:03 of 1st period - Shot Misses the Net.
13:18 of 1st period - Slapshot by Éric Perrin.
13:18 of 1st period - Stopped by Jonas Hiller with a rebound.
13:20 of 1st period - Backhand shot by Mark Stuart.
13:20 of 1st period - Deflect By Éric Perrin.
13:20 of 1st period - Shot Misses the Net.
13:20 of 1st period - Puck is out of play.
13:21 of 1st period - Chris Kelly wins face-off versus Éric Perrin in Sénateurs zone.
13:21 of 1st period - Chris Kelly is hit by Victor Oreskovich.
13:42 of 1st period - Icing by Ryan O'Byrne.
13:43 of 1st period - Eric Lindros wins face-off versus Paul Gaustad in Bruins zone.
14:12 of 1st period - Snap shot by Victor Oreskovich.
14:12 of 1st period - Stopped by Jonas Hiller with a rebound.
14:14 of 1st period - Slapshot by Richard Lintner.
14:14 of 1st period - Deflect By Matt Cooke.
14:14 of 1st period - Shot Blocked by Vitaly Vishnevsky.
14:14 of 1st period - Puck is out of play.
14:15 of 1st period - Chris Kelly wins face-off versus Éric Perrin in Sénateurs zone.
14:15 of 1st period - Chris Kelly is hit by Matt Cooke.
14:30 of 1st period - Slapshot by Éric Perrin.
14:30 of 1st period - Stopped by Jonas Hiller with a rebound.
15:20 of 1st period - Wrist shot by Sami Kapanen.
15:20 of 1st period - Shot Blocked by Christoph Schubert.
15:45 of 1st period - Snap shot by Éric Perrin.
15:45 of 1st period - Stopped by Jonas Hiller with a rebound.
16:03 of 1st period - Snap shot by Jeff Carter.
16:03 of 1st period - Stopped by Jonas Hiller without a rebound.
16:04 of 1st period - Jeff Carter wins face-off versus Paul Gaustad in Sénateurs zone.
16:19 of 1st period - Ryan O'Byrne is hit by Sami Salo and loses puck.
16:50 of 1st period - Slapshot by Nikita Alexeev.
16:50 of 1st period - Stopped by Evgeni Nabokov with a rebound.
16:52 of 1st period - Snap shot by Sean Avery.
16:52 of 1st period - Shot Blocked by Andrew Alberts.
16:54 of 1st period - Slapshot by Vitaly Vishnevsky.
16:54 of 1st period - Shot Blocked by Jeff Carter.
16:56 of 1st period - Snap shot by Nikita Alexeev.
16:56 of 1st period - Shot Misses the Net.
17:02 of 1st period - Slapshot by Nikita Alexeev.
17:02 of 1st period - Shot Blocked by Scott Hartnell.
17:04 of 1st period - Slapshot by Sami Salo.
17:04 of 1st period - Stopped by Evgeni Nabokov with a rebound.
17:06 of 1st period - Snap shot by Jay McKee.
17:06 of 1st period - Stopped by Evgeni Nabokov without a rebound.
17:07 of 1st period - Eric Lindros wins face-off versus Daymond Langkow in Bruins zone.
17:39 of 1st period - Snap shot by Victor Oreskovich.
17:39 of 1st period - Stopped by Jonas Hiller without a rebound.
17:40 of 1st period - Chris Kelly wins face-off versus Éric Perrin in Sénateurs zone.
18:14 of 1st period - Backhand shot by Matt Cooke.
18:14 of 1st period - Stopped by Jonas Hiller with a rebound.
18:22 of 1st period - Wrist shot by Victor Oreskovich.
18:22 of 1st period - Shot Misses the Net.
18:24 of 1st period - Slapshot by Ryan O'Byrne.
18:24 of 1st period - Deflect By Matt Cooke.
18:24 of 1st period - Shot Misses the Net.
18:24 of 1st period - Puck is out of play.
18:25 of 1st period - Daymond Langkow wins face-off versus Eric Lindros in Sénateurs zone.
18:50 of 1st period - Paul Gaustad is hit by Jeff Carter and loses puck.
18:57 of 1st period - Snap shot by Nikita Alexeev.
18:57 of 1st period - Shot Blocked by Scott Hartnell.
19:13 of 1st period - Slapshot by Andy McDonald.
19:13 of 1st period - Goal by Andy McDonald - Sénateurs : 1 - Bruins : 0.
19:14 of 1st period - Wojtek Wolski wins face-off versus Daymond Langkow in neutral zone.
2nd period
0:01 of 2nd period - Daniel Briere wins face-off versus Daymond Langkow in neutral zone.
0:38 of 2nd period - Backhand shot by Sami Kapanen.
0:38 of 2nd period - Stopped by Evgeni Nabokov without a rebound.
0:39 of 2nd period - Éric Perrin wins face-off versus Daymond Langkow in Bruins zone.
0:52 of 2nd period - Snap shot by Éric Perrin.
0:52 of 2nd period - Shot Blocked by Todd Bertuzzi.
1:57 of 2nd period - Minor Penalty to Dave Bolland for Hooking.
1:58 of 2nd period - Eric Lindros wins face-off versus Todd Bertuzzi in Bruins zone.
3:57 of 2nd period - Penalty to Dave Bolland is over, Dave Bolland is back on ice.
5:10 of 2nd period - Wrist shot by Michal Grosek.
5:10 of 2nd period - Shot Misses the Net.
5:22 of 2nd period - Wrist shot by Andy McDonald.
5:22 of 2nd period - Shot Misses the Net.
6:08 of 2nd period - Richard Lintner is hit by Ray Whitney.
6:22 of 2nd period - Icing by Daymond Langkow.
6:23 of 2nd period - Daymond Langkow wins face-off versus Éric Perrin in Sénateurs zone.
6:36 of 2nd period - Wrist shot by Victor Oreskovich.
6:36 of 2nd period - Shot Misses the Net.
6:38 of 2nd period - Snap shot by Victor Oreskovich.
6:38 of 2nd period - Shot Misses the Net.
6:52 of 2nd period - Wrist shot by Scott Hartnell.
6:52 of 2nd period - Stopped by Jonas Hiller with a rebound.
6:54 of 2nd period - Slapshot by Andrew Alberts.
6:54 of 2nd period - Stopped by Jonas Hiller without a rebound.
6:55 of 2nd period - Paul Gaustad wins face-off versus Eric Lindros in Sénateurs zone.
7:06 of 2nd period - Snap shot by Daniel Briere.
7:06 of 2nd period - Stopped by Jonas Hiller with a rebound.
7:17 of 2nd period - Icing by Christoph Schubert.
7:18 of 2nd period - Jeff Carter wins face-off versus Chris Kelly in Bruins zone.
7:37 of 2nd period - Jay McKee is hit by Scott Hartnell and loses puck.
8:16 of 2nd period - Wrist shot by Scott Hartnell.
8:16 of 2nd period - Goal by Scott Hartnell - Sénateurs : 1 - Bruins : 1.
8:17 of 2nd period - Daymond Langkow wins face-off versus Wojtek Wolski in neutral zone.
8:29 of 2nd period - Ryan O'Byrne is hit by Todd Bertuzzi and loses puck.
8:42 of 2nd period - Paul Gaustad is hit by Matt Cooke.
8:48 of 2nd period - Snap shot by Vitaly Vishnevsky.
8:48 of 2nd period - Stopped by Evgeni Nabokov with a rebound.
9:35 of 2nd period - Snap shot by Jeff Carter.
9:35 of 2nd period - Shot Misses the Net.
10:15 of 2nd period - Nikita Alexeev is hit by Eric Lindros and loses puck.
10:26 of 2nd period - Snap shot by Nikita Alexeev.
10:26 of 2nd period - Stopped by Evgeni Nabokov without a rebound.
10:27 of 2nd period - Chris Kelly wins face-off versus Dave Bolland in Bruins zone.
10:28 of 2nd period - Wrist shot by Sami Kapanen.
10:28 of 2nd period - Shot Blocked by Martin Erat.
10:30 of 2nd period - Slapshot by Vitaly Vishnevsky.
10:30 of 2nd period - Shot Misses the Net.
10:32 of 2nd period - Wrist shot by Ray Whitney.
10:32 of 2nd period - Deflect By Sami Kapanen.
10:32 of 2nd period - Shot Blocked by Andrew Alberts.
10:32 of 2nd period - Puck is out of play.
10:33 of 2nd period - Dave Bolland wins face-off versus Chris Kelly in Bruins zone.
10:48 of 2nd period - Wrist shot by Vitaly Vishnevsky.
10:48 of 2nd period - Deflect By Ray Whitney.
10:48 of 2nd period - Stopped by Evgeni Nabokov with a rebound.
11:04 of 2nd period - Wrist shot by Andy McDonald.
11:04 of 2nd period - Stopped by Evgeni Nabokov without a rebound.
11:05 of 2nd period - Daymond Langkow wins face-off versus Eric Lindros in Bruins zone.
12:30 of 2nd period - Ray Whitney is hit by Wojtek Wolski and loses puck.
12:54 of 2nd period - Snap shot by Andy McDonald.
12:54 of 2nd period - Shot Blocked by Mark Stuart.
12:56 of 2nd period - Snap shot by Andy McDonald.
12:56 of 2nd period - Shot Misses the Net.
13:13 of 2nd period - Wrist shot by Andrew Alberts.
13:13 of 2nd period - Stopped by Jonas Hiller with a rebound.
13:37 of 2nd period - Wrist shot by Daymond Langkow.
13:37 of 2nd period - Shot Blocked by Ryan O'Byrne.
13:37 of 2nd period - Ryan O'Byrne from Bruins is injured at 13:37 of 2nd period (Bruised Right Leg).
13:38 of 2nd period - Daymond Langkow wins face-off versus Eric Lindros in Bruins zone.
13:45 of 2nd period - Snap shot by Andy McDonald.
13:45 of 2nd period - Deflect By Eric Lindros.
13:45 of 2nd period - Shot Misses the Net.
13:45 of 2nd period - Puck is out of play.
13:46 of 2nd period - Eric Lindros wins face-off versus Daymond Langkow in Bruins zone.
13:56 of 2nd period - Wrist shot by Wojtek Wolski.
13:56 of 2nd period - Shot Blocked by Vitaly Vishnevsky.
15:20 of 2nd period - Slapshot by Wojtek Wolski.
15:20 of 2nd period - Stopped by Jonas Hiller without a rebound.
15:21 of 2nd period - Chris Kelly wins face-off versus Jeff Carter in Sénateurs zone.
15:24 of 2nd period - Wrist shot by Scott Hartnell.
15:24 of 2nd period - Shot Misses the Net.
15:36 of 2nd period - Wrist shot by Ray Whitney.
15:36 of 2nd period - Stopped by Evgeni Nabokov with a rebound.
15:46 of 2nd period - Jay McKee is hit by Victor Oreskovich and loses puck.
15:57 of 2nd period - Slapshot by Éric Perrin.
15:57 of 2nd period - Stopped by Jonas Hiller with a rebound.
16:09 of 2nd period - Toni Lydman is hit by Michal Grosek and loses puck.
16:49 of 2nd period - Vitaly Vishnevsky is hit by Christoph Schubert and loses puck.
17:10 of 2nd period - Dave Bolland is hit by Sami Kapanen and loses puck.
17:21 of 2nd period - Vernon Fiddler is hit by Richard Lintner and loses puck.
17:32 of 2nd period - Toni Lydman is hit by Éric Perrin and loses puck.
18:32 of 2nd period - Jay McKee is hit by Wojtek Wolski and loses puck.
3rd period
0:01 of 3rd period - Andy McDonald wins face-off versus Eric Lindros in neutral zone.
0:03 of 3rd period - Richard Jackman is hit by Richard Lintner and loses puck.
0:23 of 3rd period - Minor Penalty to Richard Lintner for Holding Stick.
0:23 of 3rd period - Minor Penalty to Sami Kapanen for Tripping.
0:24 of 3rd period - Todd Bertuzzi wins face-off versus Eric Lindros in Sénateurs zone.
0:34 of 3rd period - Slapshot by Wojtek Wolski.
0:34 of 3rd period - Shot Misses the Net.
0:36 of 3rd period - Slapshot by Andrew Alberts.
0:36 of 3rd period - Stopped by Jonas Hiller with a rebound.
0:38 of 3rd period - Snap shot by Andrew Alberts.
0:38 of 3rd period - Stopped by Jonas Hiller with a rebound.
0:40 of 3rd period - Snap shot by Eric Lindros.
0:40 of 3rd period - Shot Misses the Net.
0:59 of 3rd period - Icing by Andrew Alberts.
1:00 of 3rd period - Todd Bertuzzi wins face-off versus Eric Lindros in Bruins zone.
2:20 of 3rd period - Andrew Alberts is hit by Paul Gaustad and loses puck.
2:23 of 3rd period - Penalty to Richard Lintner is over, Richard Lintner is back on ice.
2:23 of 3rd period - Penalty to Sami Kapanen is over, Sami Kapanen is back on ice.
2:41 of 3rd period - Snap shot by Wojtek Wolski.
2:41 of 3rd period - Stopped by Jonas Hiller with a rebound.
3:01 of 3rd period - Snap shot by Sami Kapanen.
3:01 of 3rd period - Shot Misses the Net.
3:03 of 3rd period - Slapshot by Richard Jackman.
3:03 of 3rd period - Stopped by Evgeni Nabokov without a rebound.
3:04 of 3rd period - Éric Perrin wins face-off versus Daymond Langkow in Bruins zone.
3:31 of 3rd period - Ray Whitney is hit by Richard Lintner and loses puck.
3:37 of 3rd period - Icing by Dan Girardi.
3:38 of 3rd period - Éric Perrin wins face-off versus Chris Kelly in Sénateurs zone.
3:41 of 3rd period - Wrist shot by Matt Cooke.
3:41 of 3rd period - Stopped by Jonas Hiller without a rebound.
3:42 of 3rd period - Éric Perrin wins face-off versus Daymond Langkow in Sénateurs zone.
3:47 of 3rd period - Wrist shot by Matt Cooke.
3:47 of 3rd period - Shot Misses the Net.
4:48 of 3rd period - Nikita Alexeev is hit by Martin Erat and loses puck.
5:10 of 3rd period - Slapshot by Andrew Alberts.
5:10 of 3rd period - Shot Misses the Net.
5:12 of 3rd period - Wrist shot by Andrew Alberts.
5:12 of 3rd period - Stopped by Jonas Hiller without a rebound.
5:13 of 3rd period - Chris Kelly wins face-off versus Éric Perrin in Sénateurs zone.
5:24 of 3rd period - Slapshot by Chris Kelly.
5:24 of 3rd period - Shot Misses the Net.
5:26 of 3rd period - Snap shot by Chris Kelly.
5:26 of 3rd period - Shot Blocked by Éric Perrin.
5:28 of 3rd period - Wrist shot by Toni Lydman.
5:28 of 3rd period - Stopped by Evgeni Nabokov without a rebound.
5:29 of 3rd period - Todd Bertuzzi wins face-off versus Eric Lindros in Bruins zone.
5:38 of 3rd period - Wrist shot by Daymond Langkow.
5:38 of 3rd period - Shot Misses the Net.
6:01 of 3rd period - Jay McKee is hit by Vitali Yachmenev.
6:05 of 3rd period - Snap shot by Jeff Carter.
6:05 of 3rd period - Shot Misses the Net.
6:55 of 3rd period - Mark Stuart is hit by Richard Jackman and loses puck.
7:23 of 3rd period - Off-side.
7:24 of 3rd period - Eric Lindros wins face-off versus Chris Kelly in neutral zone.
7:31 of 3rd period - Snap shot by Eric Lindros.
7:31 of 3rd period - Stopped by Jonas Hiller with a rebound.
7:40 of 3rd period - Minor Penalty to Ray Whitney for Roughing.
7:41 of 3rd period - Todd Bertuzzi wins face-off versus Eric Lindros in Sénateurs zone.
7:41 of 3rd period - Todd Bertuzzi is hit by Eric Lindros.
8:13 of 3rd period - Richard Jackman is hit by Richard Lintner and loses puck.
8:27 of 3rd period - Icing by Mark Stuart.
8:28 of 3rd period - Andy McDonald wins face-off versus Eric Lindros in Bruins zone.
8:31 of 3rd period - Snap shot by Andy McDonald.
8:31 of 3rd period - Shot Misses the Net.
8:33 of 3rd period - Slapshot by Chris Kelly.
8:33 of 3rd period - Shot Misses the Net.
8:35 of 3rd period - Backhand shot by Chris Kelly.
8:35 of 3rd period - Stopped by Evgeni Nabokov with a rebound.
8:37 of 3rd period - Slapshot by Jay McKee.
8:37 of 3rd period - Shot Misses the Net.
8:39 of 3rd period - Slapshot by Jay McKee.
8:39 of 3rd period - Deflect By Wojtek Wolski.
8:39 of 3rd period - Stopped by Evgeni Nabokov with a rebound.
8:41 of 3rd period - Slapshot by Sami Salo.
8:41 of 3rd period - Stopped by Evgeni Nabokov without a rebound.
8:42 of 3rd period - Todd Bertuzzi wins face-off versus Jeff Carter in Bruins zone.
8:43 of 3rd period - Slapshot by Daymond Langkow.
8:43 of 3rd period - Stopped by Evgeni Nabokov without a rebound.
8:44 of 3rd period - Todd Bertuzzi wins face-off versus Jeff Carter in Bruins zone.
9:35 of 3rd period - Off-side.
9:36 of 3rd period - Andy McDonald wins face-off versus Eric Lindros in neutral zone.
9:40 of 3rd period - Penalty to Ray Whitney is over, Ray Whitney is back on ice.
9:57 of 3rd period - Snap shot by Paul Gaustad.
9:57 of 3rd period - Shot Misses the Net.
9:59 of 3rd period - Slapshot by Jay McKee.
9:59 of 3rd period - Stopped by Evgeni Nabokov without a rebound.
10:00 of 3rd period - Eric Lindros wins face-off versus Chris Kelly in Bruins zone.
10:27 of 3rd period - Daymond Langkow is hit by Jeff Carter and loses puck.
10:34 of 3rd period - Slapshot by Jeff Carter.
10:34 of 3rd period - Shot Misses the Net.
10:48 of 3rd period - Snap shot by Victor Oreskovich.
10:48 of 3rd period - Goal by Victor Oreskovich - Sénateurs : 1 - Bruins : 2.
10:49 of 3rd period - Daymond Langkow wins face-off versus Eric Lindros in neutral zone.
10:54 of 3rd period - Snap shot by Daymond Langkow.
10:54 of 3rd period - Shot Misses the Net.
10:56 of 3rd period - Slapshot by Daymond Langkow.
10:56 of 3rd period - Stopped by Evgeni Nabokov with a rebound.
10:58 of 3rd period - Snap shot by Todd Bertuzzi.
10:58 of 3rd period - Stopped by Evgeni Nabokov with a rebound.
11:00 of 3rd period - Wrist shot by Andy McDonald.
11:00 of 3rd period - Stopped by Evgeni Nabokov with a rebound.
11:32 of 3rd period - Sami Salo is hit by Tom Gilbert and loses puck.
12:22 of 3rd period - Slapshot by Jeff Carter.
12:22 of 3rd period - Stopped by Jonas Hiller with a rebound.
12:24 of 3rd period - Snap shot by Scott Hartnell.
12:24 of 3rd period - Shot Misses the Net.
12:46 of 3rd period - Snap shot by Sami Kapanen.
12:46 of 3rd period - Shot Misses the Net.
13:18 of 3rd period - Snap shot by Jeff Carter.
13:18 of 3rd period - Shot Misses the Net.
13:20 of 3rd period - Wrist shot by Vitali Yachmenev.
13:20 of 3rd period - Stopped by Jonas Hiller with a rebound.
13:22 of 3rd period - Snap shot by Christoph Schubert.
13:22 of 3rd period - Stopped by Jonas Hiller without a rebound.
13:23 of 3rd period - Daymond Langkow wins face-off versus Eric Lindros in Sénateurs zone.
13:28 of 3rd period - Snap shot by Vitaly Vishnevsky.
13:28 of 3rd period - Shot Misses the Net.
13:34 of 3rd period - Slapshot by Andy McDonald.
13:34 of 3rd period - Shot Blocked by Daniel Briere.
13:36 of 3rd period - Wrist shot by Vitaly Vishnevsky.
13:36 of 3rd period - Shot Blocked by Mark Stuart.
13:38 of 3rd period - Slapshot by Vitaly Vishnevsky.
13:38 of 3rd period - Stopped by Evgeni Nabokov with a rebound.
13:48 of 3rd period - Snap shot by Nikita Alexeev.
13:48 of 3rd period - Shot Misses the Net.
13:50 of 3rd period - Snap shot by Sean Avery.
13:50 of 3rd period - Stopped by Evgeni Nabokov with a rebound.
13:52 of 3rd period - Snap shot by Paul Gaustad.
13:52 of 3rd period - Shot Misses the Net.
13:54 of 3rd period - Wrist shot by Sean Avery.
13:54 of 3rd period - Deflect By Mark Stuart.
13:54 of 3rd period - Goal by Sean Avery - Sénateurs : 2 - Bruins : 2.
13:55 of 3rd period - Daymond Langkow wins face-off versus Eric Lindros in neutral zone.
14:02 of 3rd period - Mark Stuart is hit by Andy McDonald and loses puck.
14:09 of 3rd period - Vitaly Vishnevsky is hit by Wojtek Wolski.
14:33 of 3rd period - Sean Avery is hit by Andrew Alberts and loses puck.
14:44 of 3rd period - Vitaly Vishnevsky is hit by Andrew Alberts and loses puck.
15:03 of 3rd period - Vernon Fiddler is hit by Wojtek Wolski.
15:23 of 3rd period - Wrist shot by Todd Bertuzzi.
15:23 of 3rd period - Stopped by Evgeni Nabokov without a rebound.
15:24 of 3rd period - Paul Gaustad wins face-off versus Dave Bolland in Bruins zone.
15:29 of 3rd period - Slapshot by Nikita Alexeev.
15:29 of 3rd period - Stopped by Evgeni Nabokov with a rebound.
16:20 of 3rd period - Snap shot by Eric Lindros.
16:20 of 3rd period - Shot Misses the Net.
16:32 of 3rd period - Jay McKee is hit by Andrew Alberts and loses puck.
16:53 of 3rd period - Sean Avery is hit by Christoph Schubert and loses puck.
17:08 of 3rd period - Slapshot by Andrew Alberts.
17:08 of 3rd period - Stopped by Jonas Hiller with a rebound.
17:10 of 3rd period - Snap shot by Dave Bolland.
17:10 of 3rd period - Shot Blocked by Richard Jackman.
17:12 of 3rd period - Slapshot by Andrew Alberts.
17:12 of 3rd period - Shot Blocked by Richard Jackman.
17:14 of 3rd period - Snap shot by Michal Grosek.
17:14 of 3rd period - Stopped by Jonas Hiller with a rebound.
17:16 of 3rd period - Snap shot by Michal Grosek.
17:16 of 3rd period - Stopped by Jonas Hiller with a rebound.
17:29 of 3rd period - Icing by Mark Stuart.
17:30 of 3rd period - Jeff Carter wins face-off versus Chris Kelly in Bruins zone.
17:30 of 3rd period - Jeff Carter is hit by Chris Kelly.
17:37 of 3rd period - Minor Penalty to Eric Lindros for Holding.
17:37 of 3rd period - Minor Penalty to Paul Gaustad for Tripping.
17:38 of 3rd period - Todd Bertuzzi wins face-off versus Victor Oreskovich in Bruins zone.
17:39 of 3rd period - Slapshot by Daymond Langkow.
17:39 of 3rd period - Stopped by Evgeni Nabokov without a rebound.
17:40 of 3rd period - Victor Oreskovich wins face-off versus Todd Bertuzzi in Bruins zone.
17:52 of 3rd period - Wrist shot by Todd Bertuzzi.
17:52 of 3rd period - Shot Blocked by Victor Oreskovich.
17:56 of 3rd period - Wrist shot by Daymond Langkow.
17:56 of 3rd period - Shot Blocked by Wojtek Wolski.
18:16 of 3rd period - Snap shot by Todd Bertuzzi.
18:16 of 3rd period - Stopped by Evgeni Nabokov without a rebound.
18:17 of 3rd period - Andy McDonald wins face-off versus Victor Oreskovich in Bruins zone.
18:18 of 3rd period - Slapshot by Chris Kelly.
18:18 of 3rd period - Stopped by Evgeni Nabokov with a rebound.
18:20 of 3rd period - Snap shot by Chris Kelly.
18:20 of 3rd period - Shot Blocked by Richard Lintner.
18:22 of 3rd period - Slapshot by Sami Salo.
18:22 of 3rd period - Shot Misses the Net.
18:26 of 3rd period - Wrist shot by Chris Kelly.
18:26 of 3rd period - Shot Misses the Net.
18:32 of 3rd period - Wrist shot by Chris Kelly.
18:32 of 3rd period - Deflect By Andy McDonald.
18:32 of 3rd period - Goal by Andy McDonald - Sénateurs : 3 - Bruins : 2.
18:33 of 3rd period - Victor Oreskovich wins face-off versus Todd Bertuzzi in neutral zone.
18:42 of 3rd period - Slapshot by Wojtek Wolski.
18:42 of 3rd period - Stopped by Jonas Hiller without a rebound.
18:43 of 3rd period - Todd Bertuzzi wins face-off versus Victor Oreskovich in Sénateurs zone.
19:04 of 3rd period - Bruins, Evgeni Nabokov is pulled from the net.
19:04 of 3rd period - Slapshot by Christoph Schubert.
19:04 of 3rd period - Shot Misses the Net.
19:06 of 3rd period - Slapshot by Andrew Alberts.
19:06 of 3rd period - Shot Blocked by Richard Jackman.
19:08 of 3rd period - Slapshot by Wojtek Wolski.
19:08 of 3rd period - Stopped by Jonas Hiller without a rebound.
19:09 of 3rd period - Randy Carlyle call a timeout for Bruins.
19:09 of 3rd period - Todd Bertuzzi wins face-off versus Victor Oreskovich in Sénateurs zone.
19:16 of 3rd period - Wrist shot by Todd Bertuzzi.
19:16 of 3rd period - Goal by Todd Bertuzzi - Sénateurs : 4 - Bruins : 2.
19:16 of 3rd period - Evgeni Nabokov from Bruins was sent back in the game.
19:17 of 3rd period - Victor Oreskovich wins face-off versus Todd Bertuzzi in neutral zone.
19:20 of 3rd period - Snap shot by Andrew Alberts.
19:20 of 3rd period - Stopped by Jonas Hiller with a rebound.
19:37 of 3rd period - Penalty to Eric Lindros is over, Eric Lindros is back on ice.
19:37 of 3rd period - Penalty to Paul Gaustad is over, Paul Gaustad is back on ice.
Output by the SimonT Hockey Simulator (STHS) for François Prévost -- Original Page W3C XHTML 1.0 Valid